 Dungeon Crawl Stone Soup version 0.22-a0-252-gcace5d2 (webtiles) character file.

335 erloom the Ducker (level 6, -15/51 HPs)
             Began as a Gnoll Wanderer on Mar 2, 2018.
             Demolished by an orc warrior
             ... wielding a +0 glaive
              (16 damage)
             ... on level 5 of the Dungeon.
             The game lasted 00:12:09 (3666 turns).

erloom the Ducker (Gnoll Wanderer)                  Turns: 3666, Time: 00:12:10

Health: -15/51     AC: 13    Str: 15    XL:     6   Next: 53%
Magic:  9/9        EV:  8    Int: 15    God:
Gold:   193        SH:  0    Dex: 15    Spells: 9/9 levels left

rFire    . . .     SeeInvis .   m - +1 falchion (drain)
rCold    . . .     Gourm    .   (no shield)
rNeg     . . .     Faith    .   x - +0 chain mail
rPois    .         Spirit   .   (no helmet)
rElec    .         Reflect  .   u - +0 cloak
rCorr    .         Harm     .   w - +0 pair of gloves
MR       .....                  j - +2 pair of boots
Stlth    ..........             (no amulet)
HPRegen  0.17/turn              (no ring)
MPRegen  0.11/turn              (no ring)

@: no status effects
A: distributed training, fangs 1, strong nose
a: no special abilities


You were on level 5 of the Dungeon.
You were very hungry.

You visited 1 branch of the dungeon, and saw 5 of its levels.

You collected 193 gold pieces.

Inventory:

Hand Weapons
 a - a +2 quarterstaff
 e - a +0 dagger
 m - a +1 falchion of draining (weapon)
 p - a +1 short sword of speed
 v - a cursed -2 hunting sling
Missiles
 i - 14 bolts
 B - 3 tomahawks (quivered)
Armour
 j - a +2 pair of boots (worn)
 r - a +0 pair of boots
 s - a +0 leather armour
 u - a +0 cloak (worn)
 w - a +0 pair of gloves (worn)
 x - a +0 chain mail (worn)
 z - a +0 chain mail
 A - a +0 scale mail
Jewellery
 k - an uncursed ring of positive energy
Wands
 y - a wand of flame (27)
Scrolls
 g - a scroll of fear {unknown}
 h - a scroll of teleportation
 n - a scroll of immolation
 q - a scroll of fog
 C - a scroll of amnesia
 D - a scroll of noise {unknown}
 E - a scroll of enchant weapon {unknown}
 F - a scroll of remove curse {unknown}
Potions
 b - 2 potions of lignification
 c - 3 potions of curing
 d - a potion of heal wounds
 l - 2 potions of brilliance
 o - a potion of agility
 t - 2 potions of haste {unknown}
 H - a potion of degeneration {unknown}
Comestibles
 f - 6 rations


   Skills:
 + Level 5.0 Fighting
 + Level 2.0 Short Blades
 + Level 2.0 Long Blades
 + Level 2.0 Axes
 + Level 2.0 Maces & Flails
 + Level 2.0 Polearms
 + Level 5.0 Staves
 + Level 2.0 Slings
 + Level 2.0 Bows
 + Level 2.0 Crossbows
 + Level 2.0 Throwing
 + Level 2.0 Armour
 + Level 5.0 Dodging
 + Level 4.6 Stealth
 + Level 3.2 Shields
 + Level 3.2 Unarmed Combat
 + Level 2.0 Spellcasting
 + Level 1.5 Conjurations
 + Level 1.5 Hexes
 + Level 1.5 Charms
 + Level 1.5 Summonings
 + Level 1.5 Necromancy
 + Level 1.5 Translocations
 + Level 1.5 Transmutations
 + Level 1.5 Fire Magic
 + Level 1.5 Ice Magic
 + Level 1.5 Air Magic
 + Level 1.5 Earth Magic
 + Level 1.5 Poison Magic
 + Level 2.1 Invocations
 + Level 2.0 Evocations


You had 9 spell levels left.
You didn't know any spells.

Dungeon Overview and Level Annotations

Branches:
Dungeon (5/15)
 Temple: D:4-7

Altars:
Vehumet

Annotations:
D:3 DEFE's ghost, amateur MfGl


Innate Abilities, Weirdness & Mutations

Your experience applies equally to all skills.
You have very sharp teeth.
Your uncanny sense of smell can sniff out nearby items.


Message History

The orc closely misses you. The orc warrior closely misses you.
You hit the orc but do no damage. You drain the orc!
You kill the orc!
The orc warrior hits you from afar with a glaive!!
An orc comes into view. It is wielding a short sword.
Things that are here:
a flail; a ring mail; an orc corpse You hit the orc warrior but do no damage.
The orc warrior closely misses you.
Your chain mail prevents you from hitting the orc warrior.
Your bite misses the orc warrior.
The orc warrior hits you with a glaive!!
* * * LOW HITPOINT WARNING * * *
You hit the orc warrior but do no damage.
The orc warrior hits you with a glaive!
* * * LOW HITPOINT WARNING * * *
You hit the orc warrior but do no damage.
You bite the orc warrior, but do no damage.
The orc warrior hits you with a glaive!
You die...

### #.. #.# # #.# #.
#o# ###..####### #o#
......<....## #o#
###..####...# #@#
#..####...####.##
#........[......#####
.....................
.###........#..######
###...##.#...#
#...##.#...#
#......#...#
#...####...#


You could see an orc warrior and 2 orcs.

Vanquished Creatures
  A bullfrog skeleton (D:4)
  An orc wizard (D:4)
  An iguana (D:4)
  Natasha (D:1)
  2 worker ants (D:4)
  A howler monkey zombie (D:5)
  5 adders
  2 worms
  3 dart slugs
  3 leopard geckos
  17 orcs
  A ball python (D:3)
  3 giant cockroaches
  6 goblins
  7 hobgoblins
  7 jackals
  3 kobolds
  3 quokkas
  10 bats
  5 frilled lizards
  10 rats
92 creatures vanquished.

Vanquished Creatures (others)
  Grinder (D:5)
1 creature vanquished.

Grand Total: 93 creatures vanquished

Notes
Turn   | Place    | Note
-------+----------+-------------------------------------------
     0 | D:1      | erloom the Gnoll Wanderer began the quest for the Orb.
     0 | D:1      | erloom set off with: a +2 quarterstaff, a potion of lignification, a potion of curing, a +0 robe, a +0 dagger, a ration
     0 | D:1      | Reached XP level 1. HP: 20/20 MP: 1/1
   125 | D:1      | Reached XP level 2. HP: 26/26 MP: 2/2
   459 | D:1      | Reached XP level 3. HP: 31/31 MP: 3/3
   807 | D:2      | Noticed Natasha
   826 | D:1      | Killed Natasha
   826 | D:1      | Reached skill level 1 in Short Blades
   826 | D:1      | Reached skill level 1 in Long Blades
   826 | D:1      | Reached skill level 1 in Axes
   826 | D:1      | Reached skill level 1 in Maces & Flails
   826 | D:1      | Reached skill level 1 in Polearms
   826 | D:1      | Reached skill level 1 in Slings
   826 | D:1      | Reached skill level 1 in Bows
   826 | D:1      | Reached skill level 1 in Crossbows
   826 | D:1      | Reached skill level 1 in Throwing
   826 | D:1      | Reached skill level 1 in Armour
   826 | D:1      | Reached skill level 1 in Spellcasting
   826 | D:1      | Reached skill level 1 in Invocations
   826 | D:1      | Reached skill level 1 in Evocations
  1017 | D:2      | Reached XP level 4. HP: 36/38 MP: 5/5
  1481 | D:3      | Reached skill level 1 in Conjurations
  1481 | D:3      | Reached skill level 1 in Hexes
  1481 | D:3      | Reached skill level 1 in Charms
  1481 | D:3      | Reached skill level 1 in Summonings
  1481 | D:3      | Reached skill level 1 in Necromancy
  1481 | D:3      | Reached skill level 1 in Translocations
  1481 | D:3      | Reached skill level 1 in Transmutations
  1481 | D:3      | Reached skill level 1 in Fire Magic
  1481 | D:3      | Reached skill level 1 in Ice Magic
  1481 | D:3      | Reached skill level 1 in Air Magic
  1481 | D:3      | Reached skill level 1 in Earth Magic
  1481 | D:3      | Reached skill level 1 in Poison Magic
  1502 | D:3      | Noticed DEFE's ghost (amateur MfGl)
  1610 | D:3      | Reached XP level 5. HP: 43/43 MP: 6/6
  2431 | D:4      | Found a radiant altar of Vehumet.
  2631 | D:4      | Reached XP level 6. HP: 32/50 MP: 8/8
  3194 | D:3      | Reached skill level 5 in Fighting
  3194 | D:3      | Reached skill level 5 in Staves
  3194 | D:3      | Reached skill level 5 in Dodging
  3632 | D:5      | Entered Level 5 of the Dungeon
  3656 | D:5      | Noticed an orc warrior
  3665 | D:5      | HP: 1/51 [orc warrior/glaive (7)]
  3665 | D:5      | Killed Grinder
  3666 | D:5      | Demolished by an orc warrior

Vault maps used:
D:1:      onia_arrival_mini_spirals, serial_forest,
          infiniplex_forest_clump_curved, infiniplex_forest_clump_small,
          infiniplex_forest_clump_curved, infiniplex_forest_lined_4_way,
          infiniplex_forest_lined_corner, infiniplex_forest_lined_ring,
          infiniplex_forest_corner_2, infiniplex_forest_end_double,
          infiniplex_forest_corner_2
D:2:      minmay_unequal, uniq_natasha
D:3:      kennysheep_big_flooded_room, minmay_misc_feat_rugged
D:4:      lemuel_round_altar, first_ration
D:5:      trog_eyes_of_draining, lemuel_flamethrower_2, uniq_blork_the_orc,
          uniq_grinder

Skill      XL: |  1  2  3  4  5  6 |
---------------+-------------------+-----
Short Blades   | 1 2 |  2.0
Long Blades    | 1 2 |  2.0
Axes           | 1 2 |  2.0
Maces & Flails | 1 2 |  2.0
Polearms       | 1 2 |  2.0
Slings         | 1 2 |  2.0
Bows           | 1 2 |  2.0
Crossbows      | 1 2 |  2.0
Throwing       | 1 2 |  2.0
Armour         | 1 2 |  2.0
Spellcasting   | 1 2 |  2.0
Invocations    | 1 2 |  2.1
Evocations     | 1 2 |  2.0
Conjurations   | 1 |  1.5
Hexes          | 1 |  1.5
Charms         | 1 |  1.5
Summonings     | 1 |  1.5
Necromancy     | 1 |  1.5
Translocations | 1 |  1.5
Transmutations | 1 |  1.5
Fire Magic     | 1 |  1.5
Ice Magic      | 1 |  1.5
Air Magic      | 1 |  1.5
Earth Magic    | 1 |  1.5
Poison Magic   | 1 |  1.5
Shields        | 3 |  3.2
Unarmed Combat | 3 |  3.2
Fighting       | 5 |  5.0
Staves         | 5 |  5.0
Dodging        | 5 |  5.0
Stealth        | |  4.6

Action                   |  1- 3 |  4- 6 || total
-------------------------+-------+-------++-------
Melee: Quarterstaff      |    52 |   168 ||   220
       Bite              |     2 |    19 ||    21
       Short sword       |       |    27 ||    27
       Falchion          |       |    51 ||    51
       Punch             |       |     1 ||     1
Throw: Tomahawk          |       |     3 ||     3
Evoke: Wand              |       |     3 ||     3
  Use: Scroll            |       |     9 ||     9
 Stab: Sleeping          |     4 |     8 ||    12
  Eat: Chunk             |       |     8 ||     8
Armor: Robe              |     8 |    12 ||    20
       Leather armour    |       |    18 ||    18
       Chain mail        |       |    75 ||    75
Dodge: Dodged            |    44 |   115 ||   159
       Rpst.: Falchion   |       |     7 ||     7

Table legend:
 A = Spawn XP
 B = Non-spawn XP
 C = Spawn XP percentage of total XP
 D = Spawn monster count
 E = Non-spawn monster count
 F = Spawn count percentage of total count
 G = Total turns spent on level
                    A         B        C        D         E        F      G
               +---------+---------+-------+---------+---------+-------+---------
         Total |       0 |     479 |   0.0 |       0 |      92 |   0.0 |  3666
               +---------+---------+-------+---------+---------+-------+---------
           D:1 |       0 |      73 |   0.0 |       0 |      23 |   0.0 |   966
           D:2 |       0 |      57 |   0.0 |       0 |      22 |   0.0 |   505
           D:3 |       0 |      82 |   0.0 |       0 |      23 |   0.0 |  1296
           D:4 |       0 |     246 |   0.0 |       0 |      21 |   0.0 |   865
           D:5 |       0 |      21 |   0.0 |       0 |       3 |   0.0 |    34
               +---------+---------+-------+---------+---------+-------+---------
